[Event "Early-Titled-Tuesday-Blitz-January-16-2024"]
[Site "Chess.com"]
[Date "2024.01.16"]
[Round "8"]
[White "ilqar_74"]
[Black "mishanick"]
[Result "0-1"]
[WhiteElo "2815"]
[BlackElo "3082"]
[TimeControl "180+1"]
[EndTime "9:32:21 PST"]
[Termination "mishanick won by resignation"]

1. e4 c5 2. Nf3 d6 3. d4 cxd4 4. Nxd4 Nf6 5. Nc3 a6 6. a3 e5 7. Nf5 d5 8. Bg5 d4 9. Bxf6 gxf6 10. Nb1 Qb6 11. Nd2 Qxb2 12. Bc4 h5 13. O-O Qb6 14.
Rb1 Qc7 15. Bb3 Be6 16. Qe2 Nd7 17. Rfc1 Nc5 18. Bxe6 fxe6 19. Nh4 Kf7 20. Qf3 b5 21. c3 d3 22. c4 Be7 23. cxb5 axb5 24. Qxd3 Qd8 25.
Qe3 Qd3 26. Qxd3 Nxd3 27. Rc3 Nf4 28. Rc7 Rhc8 29. Rxc8 Rxc8 30. g3 Ne2+ 31. Kf1 Nd4 32. Nb3 Nc2 33. Nd2 Nxa3 34. Rb3 b4 35. Nhf3 Nb5 36.
Ke2 Nd4+ 37. Nxd4 exd4 38. Kd3 e5 39. Nc4 Ra8 40. Nb6 Ra2 41. f4 Rxh2 42. fxe5 fxe5 43. Kc4 Ke6 44. Nd5 Rc2+ 45. Kd3 Rg2 46. Kc4 Bd6 47. Rf3 Rc2+ 48. Kb5 Be7 49. Nxe7 Kxe7 50. Kxb4 Ke6 51. Rf5 Re2 52. Rxh5 Rxe4 53. Kc4 Re3 54. Rh6+ Kf5 55. Kd5 d3 56. Rh5+ Kg4 57. Rh1 d2 58. Rd1 Re2 59.
Kc4 e4 60. Kd4 e3 0-1

[Event "Early-Titled-Tuesday-Blitz-January-16-2024"]
[Site "Chess.com"]
[Date "2024.01.16"]
[Round "8"]
[White "Maftuna2303"]
[Black "Manukyan_Artak"]
[Result "0-1"]
[WhiteElo "2375"]
[BlackElo "2552"]
[TimeControl "180+1"]
[EndTime "9:32:21 PST"]
[Termination "Manukyan_Artak won by resignation"]

1. e4 c6 2. d4 d5 3. Nd2 dxe4 4. Nxe4 Nf6 5. Nxf6+ exf6 6. c3 Bd6 7. Bd3 O-O 8. Qc2 h5 9. Ne2 Qc7 10. Be3 c5 11. dxc5 Bxc5 12. Bxc5 Qxc5 13. O-O Nc6 14. Rad1 Ne5 15. Bh7+ Kh8 16. Bf5 Nf3+ 17. gxf3 Bxf5 18. Qa4 g5 19. Ng3 Bg6 20. Qd4 Qxd4 21. Rxd4 Rfe8 22. Ne4 Kg7 23. Rfd1 Re5 24. Rd7 b5 25. Rb7 g4 26. Ng3 gxf3 27. h4 a6 28. Nf1 Re4 29. Rd4 Rxd4 30. cxd4 Rd8 31. Rb6 Rxd4 32. Ne3 f5 33. Kh2 f4 34. Nf1 Be4 35. Rxa6 Rd1 36. Ra3 Rxf1 37. Rb3 Rxf2+ 38. Kg1 Rg2+ 39. Kf1 Rh2 40. Rb4 Bd3+ 41. Kg1 f2+ 42. Kxh2 f1=Q 0-1

[Event "Early-Titled-Tuesday-Blitz-January-16-2024"]
[Site "Chess.com"]
[Date "2024.01.16"]
[Round "8"]
[White "Doublekk14"]
[Black "noblerone"]
[Result "1-0"]
[WhiteElo "2283"]
[BlackElo "2507"]
[TimeControl "180+1"]
[EndTime "9:32:21 PST"]
[Termination "Doublekk14 won on time"]

1. c4 c6 2. e4 d5 3. exd5 cxd5 4. d4 Nf6 5. Nc3 Nc6 6. Nf3 e6 7. Be2 dxc4 8. Bxc4 Be7 9. O-O O-O 10. h3 a6 11. a4 b6 12. Be3 Bb7 13. Ne5 Nb4 14. Be2 Nbd5 15. Bf3 Rc8 16. Qb3 Qc7 17. Rac1 Qb8 18. Nxd5 Bxd5 19. Bxd5 exd5 20. Nc6 Qb7 21. Nxe7+ Qxe7 22. Qxb6 Rb8 23. Qxa6 Rxb2 24. Rc8 Rb8 25. Rfc1 h6 26. Rxb8 Rxb8 27. Rc8+ Rxc8 28. Qxc8+ Kh7 29. Qf5+ g6 30. Qe5 Qd8 31. a5 Ne4 32. f3 Nc3 33. a6 Qa5 34. Qf6 Kg8 35. Bxh6 Ne2+ 36. Kh2 Qc7+ 37. f4 1-0

[Event "Early-Titled-Tuesday-Blitz-January-16-2024"]
[Site "Chess.com"]
[Date "2024.01.16"]
[Round "8"]
[White "Viktor_Poddubnyi"]
[Black "N4700000"]
[Result "0-1"]
[WhiteElo "2287"]
[BlackElo "2422"]
[TimeControl "180+1"]
[EndTime "9:32:21 PST"]
[Termination "N4700000 won on time"]

1. e4 e6 2. d4 d5 3. Nd2 c5 4.
exd5 Qxd5 5. Ngf3 cxd4 6. Bc4 Qd6 7. O-O Nf6 8. Nb3 Nc6 9. Nbxd4 Nxd4 10. Qxd4 Qxd4 11.
Nxd4 Bc5 12. Nb3 Bb6 13. a4 a6 14. a5 Ba7 15. Be2 Bd7 16. Bf3 Bc6 17. Bxc6+ bxc6 18. Be3 Bxe3 19. fxe3 Nd5 20. Kf2 Ke7 21. Rfd1 Rhb8 22. e4 Nb4 23. Nd4 c5 24. Ne2 Nxc2 25. Rac1 Rxb2 26.
Rd2 Nb4 27. Rxb2 Nd3+ 28. Ke3 Nxb2 29. Rxc5 Ra7 30. Nd4 Kd7 31. Nc6 Rb7 32. Nd4 Rc7 33. Rg5 g6 34. h4 h6 35. Rg3 Rc3+ 36. Kf2 Nd1+ 0-1

[Event "Early-Titled-Tuesday-Blitz-January-16-2024"]
[Site "Chess.com"]
[Date "2024.01.16"]
[Round "8"]
[White "Kotofeyca"]
[Black "FMCarmona"]
[Result "1-0"]
[WhiteElo "2410"]
[BlackElo "2177"]
[TimeControl "180+1"]
[EndTime "9:32:21 PST"]
[Termination "Kotofeyca won on time"]

1. d4 d5 2. c4 e6 3. Nc3 Nf6 4. Bg5 Be7 5. cxd5 exd5 6. e3 O-O 7. Qc2 c6 8. Bd3 Nbd7 9. Nf3 Re8 10. O-O g6 11. Rab1 b6 12. b4 Bb7 13. Rfe1 Rc8 14. a3 Nh5 15. Bxe7 Qxe7 16. e4 Qf6 17. e5 Qg7 18. Qd2 f5 19. h3 Qe7 20. g4 fxg4 21.
hxg4 Ng7 22. Kg2 Ne6 23. Ne2 Rf8 24. Qe3 Rf7 25. Rh1 Rcf8 26. Rh3 Nf4+ 27. Nxf4 Rxf4 28. g5 Rg4+ 29. Rg3 Rxg3+ 30. fxg3 Qe6 31. Nh2 Bc8 32.
Be2 Nb8 33. Bg4 Qe7 34. Bxc8 Rxc8 35. Ng4 Rf8 36. Nf6+ 1-0

[Event "Early-Titled-Tuesday-Blitz-January-16-2024"]
[Site "Chess.com"]
[Date "2024.01.16"]
[Round "8"]
[White "Elsa167"]
[Black "Egor_Koshulyan"]
[Result "1-0"]
[WhiteElo "2850"]
[BlackElo "2699"]
[TimeControl "180+1"]
[EndTime "9:32:22 PST"]
[Termination "Elsa167 won on time"]

1. d4 d5 2. c4 e6 3. Nf3 Nf6 4. Nc3 c6 5. Bg5 h6 6. Bxf6 Qxf6 7. Qc2 Nd7 8. e4 dxe4 9. Qxe4 Bb4 10. Bd3 Qe7 11.
O-O Nf6 12. Qe2 O-O 13. Ne4 Rd8 14. Rad1 g6 15. c5 Nd5 16. Nd6 Rxd6 17. cxd6 Bxd6 18.
g3 b6 19. Ne5 Bb7 20. Rfe1 c5 21. dxc5 Bxc5 22. Qg4 Qf6 23. Re2 h5 24. Qe4 Rd8 25. Red2 Ba8 26. Qe2 Bxf2+ 27. Qxf2 Qxe5 28. Re1 Qg5 29. Be4 Rc8 30. h4 Qe7 31. Bxd5 Bxd5 32. Rxd5 Qb4 33. Rd3 Rc2 34. Qxc2 Qxe1+ 35. Kh2 1-0

[Event "Early-Titled-Tuesday-Blitz-January-16-2024"]
[Site "Chess.com"]
[Date "2024.01.16"]
[Round "8"]
[White "Buzhizhebuguai"]
[Black "baki83"]
[Result "0-1"]
[WhiteElo "2672"]
[BlackElo "2862"]
[TimeControl "180+1"]
[EndTime "9:32:23 PST"]
[Termination "baki83 won by resignation"]

1. Nf3 d5 2. g3 Nf6 3. Bg2 c5 4. O-O Nc6 5. c4 d4 6. e3 e5 7. exd4 exd4 8. d3 Be7 9. Bg5 O-O 10. a3 Bf5 11. Nh4 Bg4 12. Bf3 Bh3 13. Bg2 Bg4 14. Bf3 Bd7 15. Nd2 h6 16. Bxf6 Bxf6 17. Ng2 Ne5 18. Be4 Rb8 19. Nf4 Bg5 20. Nd5 f5 21. f4 fxe4 22. Nxe4 Bg4 23. Qa4 b5 24. Qxa7 bxc4 25. dxc4 Nf3+ 26. Kg2 Qe8 27. Nf2 Qh5 28. h3 Rxb2 29. hxg4 Qxg4 30. Rab1 Bh4 31. Ne7+ Kh7 0-1

[Event "Early-Titled-Tuesday-Blitz-January-16-2024"]
[Site "Chess.com"]
[Date "2024.01.16"]
[Round "8"]
[White "deepfear"]
[Black "publicaccountcze"]
[Result "0-1"]
[WhiteElo "1932"]
[BlackElo "2323"]
[TimeControl "180+1"]
[EndTime "9:32:24 PST"]
[Termination "publicaccountcze won on time"]

1. e4 c5 2. Nc3 e6 3. g3 a6 4. a4 Qc7 5. Bg2 Nc6 6. d3 b6 7. Bf4 d6 8. Nf3 Bb7 9. O-O Nd4 10. Ne2 e5 11. Be3 Ne7 12. c3 Nxf3+ 13. Bxf3 f5 14. Bg2 d5 15. exd5 Nxd5 16. d4 Nxe3 17. fxe3 Bxg2 18.
Kxg2 g6 19. dxe5 Qxe5 20. Rf3 Rd8 21. Qc2 Bh6 22. Re1 O-O 23. Nf4 g5 24. Nd3 Qe4 25. Kf2 f4 26. exf4 Qd5 27. Ne5 gxf4 28. gxf4 Bxf4 29. Rg1+ Kh8 0-1

[Event "Early-Titled-Tuesday-Blitz-January-16-2024"]
[Site "Chess.com"]
[Date "2024.01.16"]
[Round "8"]
[White "chenxiaoyuer"]
[Black "inneremptiness"]
[Result "1/2-1/2"]
[WhiteElo "2744"]
[BlackElo "2881"]
[TimeControl "180+1"]
[EndTime "9:32:25 PST"]
[Termination "Game drawn by repetition"]

1. e4 e5 2. Nf3 Nc6 3. Bb5 Nf6 4. d3 Bc5 5. Bxc6 dxc6 6. O-O Bd6 7. Nbd2 Qe7 8. Nc4 h6 9. a4 a5 10. Bd2 b6 11.
Bc3 Bg4 12. h3 Bh5 13. g4 Nxg4 14. hxg4 Bxg4 15. Ne3 Bh5 16. Kg2 Qf6 17. Rh1 g6 18.
Nc4 O-O-O 19. Qe2 Qf4 20. Rh3 Bg4 21. Rg3 h5 22. Bd2 Bxf3+ 23. Qxf3 Qxf3+ 24. Rxf3 Rdf8 25. Bg5 f5 26. Nxd6+ cxd6 27. Be7 Re8 28. Bxd6 c5 29. exf5 Kd7 30. fxg6 Kxd6 31. Rf6+ Re6 32. Rxe6+ Kxe6 33. Kf3 Kf6 34. Rg1 Rg8 35. Rh1 Rh8 36. Ke4 h4 37.
g7 Kxg7 38. Kxe5 Kg6 39. Kf4 Kh5 40. Kf3 Rf8+ 41. Kg2 Kg4 42. Rh3 Rxf2+ 43. Kxf2 Kxh3 44. Kf3 Kh2 45. Kf2 Kh3 46. Kf3 Kh2 47. Kf2 Kh3 1/2-1/2

[Event "Early-Titled-Tuesday-Blitz-January-16-2024"]
[Site "Chess.com"]
[Date "2024.01.16"]
[Round "8"]
[White "Rodalquilar"]
[Black "RandomNoob04"]
[Result "0-1"]
[WhiteElo "2758"]
[BlackElo "2598"]
[TimeControl "180+1"]
[EndTime "9:32:25 PST"]
[Termination "RandomNoob04 won on time"]

1. d4 Nf6 2. Nf3 d5 3. Bf4 c5 4. e3 Nc6 5. c3 Qb6 6. Qc2 Nh5 7. Be5 f6 8. Bg3 Nxg3 9. hxg3 e5 10. dxe5 fxe5 11.
e4 dxe4 12. Ng5 Bf5 13. Bc4 Bg6 14. Nd2 e3 15. Nde4 exf2+ 16. Kxf2 O-O-O 17. Bf7 Bxe4 18. Nxe4 c4+ 19. Kf3 Rd3+ 20. Kg4 Nd8 21. Qa4 Nxf7 22. Qxc4+ Qc6 23. Qxd3 Qg6+ 24. Kf3 Ng5+ 25. Ke3 Nxe4 26. b4 Be7 27. Rh3 Rd8 28. Qc4+ Kb8 29. Ke2 Nxg3+ 30. Ke1 Qe4+ 31. Qxe4 Nxe4 32. Rxh7 Nxc3 33. Rxg7 Bxb4 34.
Kf1 Rf8+ 0-1

[Event "Early-Titled-Tuesday-Blitz-January-16-2024"]
[Site "Chess.com"]
[Date "2024.01.16"]
[Round "8"]
[White "finec2"]
[Black "DonJuanEGenaro"]
[Result "1-0"]
[WhiteElo "2311"]
[BlackElo "1885"]
[TimeControl "180+1"]
[EndTime "9:32:25 PST"]
[Termination "finec2 won on time"]

1. e4 c5 2. Nf3 Nc6 3. d4 cxd4 4.
Nxd4 Nf6 5. Nc3 d6 6. Bc4 e6 7. Be3 a6 8. Bb3 Qc7 9. Qe2 b5 10. f3 Be7 11. O-O Na5 12. Rad1 Bb7 13. Rd2 d5 14.
exd5 Nxd5 15. Bxd5 exd5 16. Ndxb5 axb5 17. Nxb5 Qd7 18. Bc5 O-O 19. Bxe7 Rfe8 20. Re1 Nc4 21. Rd4 Qxb5 22.
Rg4 Qxb2 23. Qd3 Qb6+ 24. Kh1 Qc7 25. Qd4 f6 26. Qxf6 Rxe7 27. Qxe7 Qxe7 28. Rxe7 Rxa2 29. h3 1-0

[Event "Early-Titled-Tuesday-Blitz-January-16-2024"]
[Site "Chess.com"]
[Date "2024.01.16"]
[Round "8"]
[White "vladislavkovalev"]
[Black "tteshan"]
[Result "0-1"]
[WhiteElo "2848"]
[BlackElo "2610"]
[TimeControl "180+1"]
[EndTime "9:32:26 PST"]
[Termination "tteshan won on time"]

1. e4 c5 2. Nf3 Nc6 3. Bb5 e6 4.
O-O Nge7 5. Re1 a6 6. Bf1 d5 7.
exd5 Nxd5 8. d4 Nf6 9. Be3 cxd4 10. Nxd4 Bd7 11. c4 Be7 12. Nc3 O-O 13. Qb3 Nxd4 14. Bxd4 Bc6 15. Rad1 Qa5 16. Bb6 Qb4 17. g3 Qxb3 18. axb3 Bd8 19. Bc5 Re8 20. Bg2 Bxg2 21.
Kxg2 Bc7 22. b4 Rad8 23. b5 Ba5 24. b4 Bc7 25. bxa6 bxa6 26. f4 Rd7 27. Rxd7 Nxd7 28. Be3 Rb8 29. Rd1 Nf6 30. b5 axb5 31. cxb5 Ba5 32. Bd4 Bxc3 33. Bxc3 Nd5 34. Be5 Rxb5 35. Rc1 f6 36. Rc8+ Kf7 37. Bd4 Rb7 38. Ra8 Rc7 39.
Kf3 h5 40. h3 Ne7 41. g4 Rc4 42. Be3 Nd5 43. Ra7+ Kg8 44. Ra3 h4 45. Bf2 Rxf4+ 46. Kg2 g5 0-1

[Event "Early-Titled-Tuesday-Blitz-January-16-2024"]
[Site "Chess.com"]
[Date "2024.01.16"]
[Round "8"]
[White "Chempiblinka"]
[Black "Actuary44"]
[Result "0-1"]
[WhiteElo "2282"]
[BlackElo "2496"]
[TimeControl "180+1"]
[EndTime "9:32:26 PST"]
[Termination "Actuary44 won by checkmate"]

1. Nf3 d6 2. g3 e5 3. Bg2 f5 4. d3 Nf6 5. O-O g6 6. c4 Bg7 7. c5 O-O 8. Nc3 Nc6 9. cxd6 cxd6 10.
Qb3+ Kh8 11. Ng5 Qe8 12. Nd5 Nd4 13. Qc4 Nxd5 14. Bxd5 h6 15. Nf7+ Kh7 16. Nxd6 Qe7 17. Nf7 Be6 18. Bxe6 Nxe6 19. Nxh6 Bxh6 20. Bxh6 Kxh6 21.
Rac1 Nd4 22. Rfe1 Rac8 23. Qxc8 Rxc8 24. Rxc8 Qb4 25. Kf1 Qxb2 26. h4 Qxa2 27. Rc7 b5 28.
e3 Nf3 29. Rec1 e4 30. d4 b4 31. Rd7 b3 32. Rcc7 Qb1+ 33. Kg2 Qg1+ 34. Kh3 Qh2# 0-1

[Event "Early-Titled-Tuesday-Blitz-January-16-2024"]
[Site "Chess.com"]
[Date "2024.01.16"]
[Round "8"]
[White "Tejas_Rama"]
[Black "rasmussvane"]
[Result "0-1"]
[WhiteElo "2604"]
[BlackElo "3003"]
[TimeControl "180+1"]
[EndTime "9:32:27 PST"]
[Termination "rasmussvane won by resignation"]

1. d4 Nf6 2. c4 e6 3. Nf3 d5 4.
Nc3 a6 5. c5 Nc6 6. Bf4 Nh5 7.
Bg5 Be7 8. Bxe7 Qxe7 9. e3 Nf6 10.
Be2 O-O 11. O-O Rd8 12. Rb1 e5 13. b4 Bf5 14. Rb2 Ne4 15. Qc1 h5 16. Nxe4 Bxe4 17. Qc3 Bxf3 18. Bxf3 g6 19. a4 Qf6 20. Rd1 Rd7 21. b5 exd4 22. exd4 axb5 23. axb5 Ne7 24.
g3 Nf5 25. Bg2 Ra4 26. Rb4 Rxb4 27. Qxb4 c6 28. b6 Re7 29. Qd2 g5 30. Bf1 Kg7 31. Bh3 g4 32. Bf1 Re4 33. Qa5 Nxd4 34. Rxd4 Qxd4 35.
Qa8 Re1 36. Qxb7 Qd3 0-1

[Event "Early-Titled-Tuesday-Blitz-January-16-2024"]
[Site "Chess.com"]
[Date "2024.01.16"]
[Round "8"]
[White "JoliyRoger"]
[Black "Millerkallpa"]
[Result "0-1"]
[WhiteElo "2447"]
[BlackElo "2174"]
[TimeControl "180+1"]
[EndTime "9:32:27 PST"]
[Termination "Millerkallpa won on time"]

1. d4 Nf6 2. c4 e6 3. Nc3 d5 4.
Nf3 c5 5. cxd5 Nxd5 6. e3 Nc6 7.
Bb5 Be7 8. Ne5 Qc7 9. Nxd5 exd5 10. O-O O-O 11. Bxc6 bxc6 12. Bd2 Bf6 13. Bc3 Bxe5 14. dxe5 Bf5 15. Qf3 Be4 16. Qg3 Rad8 17. Rad1 Rfe8 18. Rfe1 Re6 19. f3 Bg6 20. Qf4 Rb8 21. a3 h6 22. h3 Qb7 23. g4 Qb3 24. Rd2 Rb6 25. Rg2 Ra6 26. Rc1 Ra4 27. Qg3 Rc4 28. h4 d4 29. exd4 cxd4 30. Bd2 Rxc1+ 31. Bxc1 Qd1+ 32. Kh2 Qxc1 33. h5 Bh7 34. Qh4 Qg5 35. Qf2 Qe3 36.
Qh4 Qxe5+ 37. f4 Qxf4+ 0-1

[Event "Early-Titled-Tuesday-Blitz-January-16-2024"]
[Site "Chess.com"]
[Date "2024.01.16"]
[Round "8"]
[White "Langua_Chess"]
[Black "topce"]
[Result "1-0"]
[WhiteElo "2448"]
[BlackElo "2365"]
[TimeControl "180+1"]
[EndTime "9:32:27 PST"]
[Termination "Langua_Chess won on time"]

1. e4 e6 2. d4 d5 3. e5 c5 4. c3 Nc6 5. Nf3 Nge7 6. Bd3 Nf5 7. O-O cxd4 8. Bxf5 exf5 9. cxd4 Be7 10. Nc3 g5 11.
Ne1 f4 12. Nd3 Be6 13. Nc5 Bxc5 14. dxc5 h5 15. Nb5 h4 16. Nd6+ Kf8 17. Nxb7 Qc7 18.
Nd6 Nxe5 19. Qd4 f6 20. Re1 h3 21. Bxf4 gxf4 22. Qxf4 Qg7 23. g3 Ke7 24. Nf5+ Bxf5 25. Qxf5 Rae8 26. f4 Kd8 27. fxe5 fxe5 28. Rad1 d4 29.
c6 Kc7 30. b4 Rhf8 31. Qd3 Qf6 32. Rf1 Qxc6 33. Rc1 Rxf1+ 34. Qxf1 1-0

[Event "Early-Titled-Tuesday-Blitz-January-16-2024"]
[Site "Chess.com"]
[Date "2024.01.16"]
[Round "8"]
[White "Sanan_Sjugirov"]
[Black "Hikaru"]
[Result "0-1"]
[WhiteElo "2970"]
[BlackElo "3224"]
[TimeControl "180+1"]
[EndTime "9:32:28 PST"]
[Termination "Hikaru won by resignation"]

1. e4 a6 2. d4 b5 3. Bd3 Bb7 4. Nf3 e6 5. O-O c5 6. c3 Nf6 7. Re1 d6 8. Nbd2 Nbd7 9. Nf1 e5 10. Ng3 g6 11. a4 c4 12. Bc2 Bg7 13. h3 O-O 14. Be3 Qc7 15. Qd2 Rfe8 16. Bh6 Bxh6 17. Qxh6 Re7 18. axb5 axb5 19. Rxa8+ Bxa8 20. Nh4 Ne8 21.
d5 Ng7 22. Nf3 Qa7 23. Ng5 Nf8 24. Nf5 gxf5 25. exf5 f6 26. Qxf6 Ne8 27. Qh6 Nd7 28. Re3 Bxd5 29. f6 Ndxf6 30. Rg3 Rg7 31. Nxh7 Qe7 32.
Bg6 Nxh7 33. Bxh7+ Kf8 34. Bg6 Qf6 35. Qh5 Bf7 36.
Bxf7 Rxg3 37. Bxe8 Rg5 0-1

[Event "Early-Titled-Tuesday-Blitz-January-16-2024"]
[Site "Chess.com"]
[Date "2024.01.16"]
[Round "8"]
[White "Arystanner"]
[Black "Zavgorodniy_Sergiy"]
[Result "1-0"]
[WhiteElo "2803"]
[BlackElo "2611"]
[TimeControl "180+1"]
[EndTime "9:32:28 PST"]
[Termination "Arystanner won by resignation"]

1. e4 c5 2. Nf3 d6 3. Bb5+ Bd7 4.
Bxd7+ Nxd7 5. c3 Ngf6 6. Qe2 e6 7. d4 cxd4 8. cxd4 d5 9. e5 Ne4 10. O-O Be7 11. Nbd2 Nxd2 12. Bxd2 O-O 13. Rac1 Rc8 14. Rxc8 Qxc8 15. Rc1 Qb8 16. Qb5 Nb6 17. a4 Rc8 18. b3 Rxc1+ 19. Bxc1 Qc8 20. Bd2 Nd7 21. h4 a6 22. Qd3 f6 23. exf6 Bxf6 24. g3 Nb8 25. b4 Nc6 26. b5 axb5 27. axb5 Ne7 28. Bf4 Qc4 29. Qe3 Kf7 30. Ne5+ Bxe5 31. Bxe5 Ng6 32.
Qf3+ Kg8 33. Qg4 Qc8 34. Bd6 Qd7 35. Bc5 Nh8 36. b6 h6 37. Qf4 Qf7 38. Qb8+ Kh7 39. Qc7 h5 40. Bd6 Qf5 41. Be5 Nf7 42. Bf4 Qb1+ 43.
Kg2 Qe4+ 44. Kh2 Qf3 45. Kg1 Qd1+ 46. Kg2 Kg6 47. Qxb7 1-0

[Event "Early-Titled-Tuesday-Blitz-January-16-2024"]
[Site "Chess.com"]
[Date "2024.01.16"]
[Round "8"]
[White "bazar-wokzal"]
[Black "PavelChernomordik"]
[Result "0-1"]
[WhiteElo "2575"]
[BlackElo "2428"]
[TimeControl "180+1"]
[EndTime "9:32:28 PST"]
[Termination "PavelChernomordik won by resignation"]

1. e4 g6 2. Nc3 Bg7 3. h4 h6 4. d4 d6 5. h5 g5 6. f4 gxf4 7.
Bxf4 Nc6 8. d5 Ne5 9. Nf3 Bg4 10. Be2 Bxf3 11. gxf3 e6 12. Qd2 Ne7 13. dxe6 fxe6 14. O-O-O N7c6 15. Rdg1 Qf6 16. Be3 Kd8 17. f4 Nd7 18.
Rg6 Qf7 19. Rhg1 Bf6 20. Bb5 Ne7 21. R6g2 c6 22. Bc4 d5 23. e5 Bh4 24. Rg4 Nf5 25. Bd3 Be7 26. Bxf5 Qxf5 27. Ne2 c5 28. Ng3 Qxg4 29.
f5 Bg5 30. fxe6 Bxe3 31. Qxe3 Qxe6 32. b4 d4 33. Qe4 Kc7 34. bxc5 Qxa2 35. Qxd4 Qa3+ 36.
Kb1 Qxc5 37. Qd1 Nxe5 38. Nf5 Rhd8 39. Rg7+ Kb6 40. Qe1 Rac8 41. Re7 Qxc2+ 42. Ka1 Rd1+ 0-1

[Event "Early-Titled-Tuesday-Blitz-January-16-2024"]
[Site "Chess.com"]
[Date "2024.01.16"]
[Round "8"]
[White "MagnusCarlsen"]
[Black "AryanTari"]
[Result "1/2-1/2"]
[WhiteElo "3300"]
[BlackElo "2943"]
[TimeControl "180+1"]
[EndTime "9:32:29 PST"]
[Termination "Game drawn by repetition"]

1. b4 e5 2. a3 d5 3. Bb2 Bd6 4. Nf3 Qe7 5. c4 dxc4 6. e3 a5 7.
Bxc4 Nf6 8. Nc3 O-O 9. Nb5 Be6 10.
Be2 Nbd7 11. O-O axb4 12. axb4 c6 13. Nxd6 Qxd6 14. b5 c5 15. Qc2 h6 16. h3 e4 17. Nh2 Ne5 18. f4 Nd3 19. Bxf6 gxf6 20. Rxa8 Rxa8 21. f5 Bd7 22. Qc4 Ne5 23. Qc2 c4 24.
Ng4 Bxb5 25. Qxe4 Nxg4 26. Qxg4+ Kf8 27. Rd1 Ba4 28. Ra1 b5 29. Bf3 Rd8 30. Ra2 Bb3 31. Ra7 Qxd2 32. Qf4 Kg7 33. Bh5 c3 34. Qg3+ Kf8 35.
Qf4 Kg7 36. Qg3+ Kf8 37. Qf4 Kg7 1/2-1/2

[Event "Early-Titled-Tuesday-Blitz-January-16-2024"]
[Site "Chess.com"]
[Date "2024.01.16"]
[Round "8"]
[White "aistrel"]
[Black "Willi_Skibbe"]
[Result "1/2-1/2"]
[WhiteElo "2539"]
[BlackElo "2406"]
[TimeControl "180+1"]
[EndTime "9:32:29 PST"]
[Termination "Game drawn - insufficient material"]

1. e4 e6 2. d4 d5 3. f3 dxe4 4.
Nc3 exf3 5. Nxf3 Nf6 6. Bg5 c5 7. Bb5+ Bd7 8. O-O Bxb5 9. Nxb5 a6 10. Nc3 Nbd7 11. d5 Qb6 12. dxe6 fxe6 13. Qe2 O-O-O 14.
Rad1 Be7 15. Rfe1 h6 16. Qxe6 Qxe6 17. Rxe6 Rhe8 18. Rde1 Bf8 19. Bh4 Rxe6 20. Rxe6 Re8 21. Rxe8+ Nxe8 22. Ne4 Nd6 23. Nxd6+ Bxd6 24. c4 Ne5 25.
Nxe5 Bxe5 26. b3 Bd4+ 27. Kf1 Kd7 28. Ke2 Ke6 29. Kf3 Kf5 30. g4+ Ke6 31. Ke4 g6 32. Bd8 b5 33. a4 bxa4 34. bxa4 Bg1 35. Bc7 Bd4 36. Bd8 Bg1 37. h4 h5 38. gxh5 gxh5 39. Kf4 Bf2 40. Kg5 Ke5 41. Bf6+ Ke4 42. Kxh5 Kd3 43. Kg6 Bxh4 44. Bxh4 Kxc4 45. a5 Kb3 46.
Kf5 c4 47. Ke4 c3 48. Kd3 c2 49. Bg5 Ka4 50. Kxc2 Kxa5 51. Kb3 Kb5 52. Ka3 a5 53. Bd2 a4 54. Be1 Kc6 55. Kxa4 1/2-1/2

[Event "Early-Titled-Tuesday-Blitz-January-16-2024"]
[Site "Chess.com"]
[Date "2024.01.16"]
[Round "8"]
[White "TitarovVasiliYouTube"]
[Black "NovozhilovSemen"]
[Result "1-0"]
[WhiteElo "2550"]
[BlackElo "2657"]
[TimeControl "180+1"]
[EndTime "9:32:30 PST"]
[Termination "TitarovVasiliYouTube won by resignation"]

1. e4 c5 2. Nf3 Nc6 3. Be2 g6 4. O-O Bg7 5. Re1 Nf6 6. Bf1 O-O 7. c3 h6 8. d4 d5 9. e5 Ne4 10.
Be3 Kh7 11. Nbd2 cxd4 12. cxd4 Bf5 13. Nh4 e6 14. Nxf5 exf5 15. f3 Ng5 16. Nb3 Ne6 17. Bf2 f6 18. exf6 Qxf6 19. Nc5 Nxc5 20. dxc5 Rad8 21.
Qb3 Qxb2 22. Qxb2 Bxb2 23. Rab1 Bc3 24. Rxb7+ Kh8 25. Re6 Ne5 26. Ree7 Rfe8 27. Rh7+ Kg8 28. Rxh6 Rb8 29. Rxb8 Rxb8 30. c6 Kg7 31. Rh4 Nxc6 32. Ra4 d4 33. Rc4 Rb6 34. g3 Kf7 35. f4 Ke6 36. Rc5 Kd6 37. Rc4 Kd5 38. Ra4 Nb4 39. Bg2+ Kc5 40. Bf1 Nc6 41. Rc4+ Kd5 42. Ra4 a5 43.
Bg2+ Kc5 44. Bf1 Rb4 45. Ra3 a4 46. Rxc3+ Kd5 47. Bg2+ 1-0

[Event "Early-Titled-Tuesday-Blitz-January-16-2024"]
[Site "Chess.com"]
[Date "2024.01.16"]
[Round "8"]
[White "TrompeterImEther"]
[Black "viktorskliarov"]
[Result "1-0"]
[WhiteElo "2519"]
[BlackElo "2653"]
[TimeControl "180+1"]
[EndTime "9:32:30 PST"]
[Termination "TrompeterImEther won by checkmate"]

1. e4 c5 2. Nf3 Nc6 3. Bb5 e6 4.
Bxc6 bxc6 5. b3 d6 6. e5 d5 7. O-O Ba6 8. d3 c4 9. bxc4 dxc4 10.
d4 c5 11. c3 Qd7 12. Ba3 Nh6 13. Nbd2 cxd4 14. Bxf8 Kxf8 15. Nxd4 Nf5 16. Ne4 Nxd4 17. Nc5 Qc6 18. Qxd4 Rc8 19. Ne4 Bb7 20. f3 Qb6 21. Qxb6 axb6 22. Nd6 Rc7 23. Rab1 Bd5 24. Rxb6 Ke7 25.
a4 Ra8 26. Ra1 Rca7 27. Rb4 f6 28. f4 g5 29. Nb5 Rd7 30. exf6+ Kxf6 31. fxg5+ Kxg5 32.
g3 Kf5 33. a5 Ke4 34. a6 Kd3 35. Rb2 Bc6 36. Rd1+ Ke3 37. Nd4 e5 38. Re2# 1-0

[Event "Early-Titled-Tuesday-Blitz-January-16-2024"]
[Site "Chess.com"]
[Date "2024.01.16"]
[Round "8"]
[White "Alexei_Kornev"]
[Black "stollenmonster"]
[Result "0-1"]
[WhiteElo "2706"]
[BlackElo "2895"]
[TimeControl "180+1"]
[EndTime "9:32:32 PST"]
[Termination "stollenmonster won by resignation"]

1. e4 c5 2. Nf3 Nf6 3. Nc3 d5 4.
exd5 Nxd5 5. Bb5+ Bd7 6. Bc4 Nb6 7. Be2 Nc6 8. d4 cxd4 9. Nxd4 g6 10. Be3 Bg7 11. O-O O-O 12. Re1 Ne5 13. b3 Rc8 14. Qd2 Ng4 15. Bxg4 Bxg4 16. h3 e5 17. Ndb5 Qxd2 18.
Bxd2 Bf5 19. Nd6 Rc6 20. Nxf5 gxf5 21. Nb5 Rxc2 22. Be3 Nd5 23. Bxa7 e4 24. Rad1 Nb4 25. a4 Nd3 26. Rf1 Rd8 27. Bb6 Rd7 28. Rb1 f4 29. Rfd1 f5 30. Na3 Re2 31. Nc4 Bf6 32. Kf1 Rc2 33.
a5 Bd4 34. Bxd4 Rxd4 35. Rd2 Rdxc4 36. Rxd3 Rc1+ 37. Rd1 Rxb1 38. Rxb1 Rc2 39. b4 Ra2 40. Rc1 e3 41. fxe3 fxe3 42. Rc7 Rf2+ 43. Ke1 Rxg2 44.
Rxb7 f4 45. a6 f3 46. Kf1 e2+ 0-1

[Event "Early-Titled-Tuesday-Blitz-January-16-2024"]
[Site "Chess.com"]
[Date "2024.01.16"]
[Round "8"]
[White "sokidze"]
[Black "Jospem"]
[Result "0-1"]
[WhiteElo "2819"]
[BlackElo "3093"]
[TimeControl "180+1"]
[EndTime "9:32:33 PST"]
[Termination "Jospem won by resignation"]

1. d4 Nf6 2. c4 e6 3. Nf3 Bb4+ 4.
Bd2 c5 5. Bxb4 cxb4 6. e3 b6 7.
Be2 a5 8. O-O Bb7 9. a3 Na6 10.
Nbd2 O-O 11. Ne5 d6 12. Nd3 bxa3 13. bxa3 Nb8 14. Rb1 Qc7 15. Bf3 Bxf3 16. Qxf3 Nbd7 17. Rfc1 Rab8 18. a4 Rfc8 19. Rb5 h6 20. h3 Re8 21. Rcb1 e5 22. Qd1 Rbc8 23. Qb3 exd4 24. exd4 Ne4 25.
Nxe4 Rxe4 26. Qb2 Rce8 27. Rc1 Re2 28. Rc2 Rxc2 29. Qxc2 Rc8 30. c5 bxc5 31. dxc5 Nxc5 32. Nxc5 dxc5 33. g3 c4 34. Qc3 Qc6 35. Rxa5 Rd8 36.
Qc2 Qf3 37. Kh2 g6 38. Rc5 Rd1 39. Qxd1 Qxd1 40. Rxc4 g5 41. a5 Kg7 42. Rc8 Qb3 43. Kg2 Qb7+ 0-1